 Dungeon Crawl Stone Soup version 0.31.0-11-ge490571c62 (webtiles) character file.

Game seed: 1374313338277030413

3161 Arcadio the Grappler (level 9, -4/93 HPs)
             Began as a Troll Delver on Jan 26, 2024.
             Was a Believer of Yredelemnul.
             Slain by a gnoll sergeant
             ... wielding a +0 trident
              (12 damage)
             ... on level 8 of the Dungeon.
             The game lasted 00:10:52 (5718 turns).

Arcadio the Grappler (Troll Delver)                 Turns: 5718, Time: 00:10:53

Health: -4/93      AC:  6    Str: 26    XL:     9   Next: 62%
Magic:  8/8        EV: 12    Int:  6    God:    Yredelemnul [**....]
Gold:   316        SH:  0    Dex: 11    Spells: 8/8 levels left

rFire   . .          .
                       - Unarmed
rCold   . . .        (no shield)
rNeg    . . .        a - +0 robe
rPois   .            (helmet restricted)
rElec   .            C - +1 cloak
rCorr   .            (gloves unavailable)
SInv    .            (boots unavailable)
Will    .....        j - amulet of faith
Stlth   ++           (no ring)
HPRegen 1.15/turn    (no ring)
MPRegen 0.11/turn

%: faith
@: lethally poisoned (-4 -> -4), hasted, very quick
A: large, unfitting armour, claws 3, regeneration 1, shaggy fur 1, tough skin 1
a: Renounce Religion, Recall Undead Harvest, Dark Bargain


You were on level 8 of the Dungeon.
You worshipped Yredelemnul.
Yredelemnul was noncommittal.
You visited 2 branches of the dungeon, and saw 9 of its levels.
You also visited: Sewer.

You collected 316 gold pieces.

Inventory:

Armour
 a - a +0 robe (worn)
 C - a +1 cloak (worn)
Jewellery
 j - an amulet of faith (around neck)
Wands
 f - a wand of digging (3)
 D - a wand of flame (16)
Scrolls
 b - a scroll of fog
 c - a scroll of revelation
 d - 6 scrolls of fear
 g - 9 scrolls of identify {unknown}
 k - a scroll of teleportation {unknown}
 m - 2 scrolls of enchant armour {unknown}
 n - 2 scrolls of enchant weapon {unknown}
 o - a scroll of immolation {unknown}
 q - 3 scrolls of noise {unknown}
 t - 2 scrolls of poison {unknown}
 v - a scroll of blinking {unknown}
 y - a scroll of summoning {unknown}
 A - a scroll of torment {unknown}
Potions
 e - 6 potions of haste
 h - 3 potions of heal wounds
 i - 4 potions of brilliance {unknown}
 l - a potion of invisibility {unknown}
 p - a potion of degeneration {unknown}
 r - 3 potions of curing {unknown}
 s - a potion of berserk rage {unknown}
 u - a potion of lignification
 w - a potion of attraction {unknown}
 x - a potion of magic {unknown}
 z - a potion of enlightenment {unknown}
 B - a potion of mutation {unknown}


   Skills:
 + Level 7.1 Fighting
 + Level 6.7 Dodging
 - Level 2.7 Stealth
 + Level 8.1 Unarmed Combat


You had 8 spell levels left.
You didn't know any spells.
Your spell library contained the following spells:

 Spells                   Type           Power      Damage    Failure   Level
 Apportation              Tloc           0%         N/A       45%         1
 Necrotise                Necr           0%         1d4       45%         1
 Sting                    Conj/Alch      0%         1d3       45%         1
 Summon Small Mammal      Summ           0%         N/A       45%         1


Dungeon Overview and Level Annotations

Branches:
Dungeon (8/15)             Temple (1/1) D:5           Sewer (visited)
   Lair: D:8-11

Altars:
Ashenzari
Cheibriados
Dithmenos
Fedhas
Gozag
Makhleb
Nemelex Xobeh
Okawaru
Qazlal
Ru
Sif Muna
Trog
Uskayaw
Vehumet
Xom
Yredelemnul
Zin
The Shining One

Shops:
D:3 [   D:5 [

Annotations:
D:5 3 runed translucent doors, Skimidon's ghost, novice TrCK
D:6 1 runed translucent door, seu1023's ghost, novice DENe


Innate Abilities, Weirdness & Mutations

You are too large for most types of armour.
You have claws for hands.
Your natural rate of healing is unusually fast.
You are covered in fur. (AC +1)
You have tough skin. (AC +1)


Message History

The killer bee stings your yak zombie!
The killer bee misses your killer bee zombie.
The bullfrog misses your killer bee zombie.
The gnoll barely misses your killer bee zombie.
The killer bee stings your killer bee zombie.
The killer bee stings your yak zombie.
Your killer bee zombie misses the bullfrog.
The bullfrog hits your yak zombie.
You mangle the killer bee!!
You kill the killer bee!
The dead are flying!
You feel sick.
The killer bee closely misses your killer bee zombie.
The killer bee stings your yak zombie.
Your killer bee zombie closely misses the bullfrog.
Your yak zombie gores the bullfrog!
Your yak zombie gores the gnoll sergeant!
The killer bee stings you.
* * * LOW HITPOINT WARNING * * *
The killer bee stings your yak zombie!
The killer bee closely misses your killer bee zombie.
Your killer bee zombie closely misses the gnoll.
You closely miss the killer bee.
The killer bee is moderately wounded.
You feel sick. The killer bee misses you.
The killer bee stings your killer bee zombie!
Your killer bee zombie is destroyed!
The wyvern misses you.
The gnoll sergeant hits you from afar with a +0 trident.
* * * LOW HITPOINT WARNING * * *
Your killer bee zombie hits the wyvern.
Your yak zombie gores the gnoll sergeant!
The killer bee stings you.
* * * LOW HITPOINT WARNING * * *
You feel yourself speed up.
You feel sick.
The wyvern bites you but does no damage.
Your killer bee zombie hits the wyvern.
The killer bee closely misses you.
The killer bee barely misses your yak zombie.
The gnoll sergeant hits you from afar with a +0 trident!
You die...
Your body rises from the dead as a mindless zombie.

..... ..... ..... ......
.... ..... ...# +#+## ...#
####### ...# ##+## #.....#
...# ....#
#.....######<..#### ....#
#.......@ygggy..... ....#
#........k.Zy...(~~ #####
#.......ZF.Z....~≈≈
######..............~~~~
####.......................
...........................
####..........###########..
#..........# ..
#..........#


You could see a wyvern (distracted), a gnoll sergeant, a bullfrog (ally target),
3 killer bees, 2 gnolls, 2 friendly yak zombies and a friendly killer bee
zombie.

Vanquished Creatures
  Prince Ribbit (D:5)
  5 yaks (D:8)
  2 water moccasins
  2 ice beasts
  2 orc warriors
  3 black bears
  An ogre (D:7)
  4 bullfrogs
  2 scorpions
  2 killer bees (D:8)
  6 hounds
  3 jellies
  An orc priest (D:6)
  A sleepcap (D:6)
  An orc wizard (D:6)
  Robin (D:3)
  5 gnolls
  7 adders
  5 river rats (Sewer)
  A shadow imp (D:5)
  A white imp (D:6)
  3 ufetubi
  A dart slug (D:5)
  A ribbon worm (D:4)
  14 orcs
  14 ball pythons
  6 bats
  11 endoplasms
  5 giant cockroaches
  9 goblins
  10 hobgoblins
  14 jackals
  4 kobolds
  5 quokkas
  3 frilled lizards
  21 rats
177 creatures vanquished.

Vanquished Creatures (collateral kills)
  A water moccasin (D:7)
  A killer bee (D:8)
  A gnoll (D:8)
  An ufetubus (D:7)
  An orc (D:7)
5 creatures vanquished.

Vanquished Creatures (others)
  2 yak zombies (D:8)
  A killer bee zombie (D:8)
  2 gnoll zombies (D:8)
  2 orc zombies
7 creatures vanquished.

Grand Total: 189 creatures vanquished

Notes
Turn   | Place    | Note
-------+----------+-------------------------------------------
     0 | D:5      | Arcadio the Troll Delver began the quest for the Orb.
     0 | D:5      | Reached XP level 1. HP: 22/22 MP: 0/0
    11 | D:5      | Noticed a hound
    21 | D:6      | Killed a hound
    22 | D:6      | Reached XP level 2. HP: 26/29 MP: 1/1
    22 | D:6      | Reached XP level 3. HP: 33/36 MP: 2/2
    33 | D:5      | Noticed Prince Ribbit
   112 | D:6      | Reached skill level 3 in Unarmed Combat
   112 | D:6      | Reached XP level 4. HP: 29/45 MP: 3/3
   159 | D:6      | Noticed a bullfrog
   167 | D:6      | Killed a bullfrog
   168 | D:6      | Reached XP level 5. HP: 51/53 MP: 4/4
   340 | D:6      | Reached skill level 4 in Unarmed Combat
   340 | D:6      | Reached XP level 6. HP: 48/62 MP: 5/5
   418 | D:6      | Found a glowing drain.
   426 | Sewer    | Entered a sewer
   723 | Sewer    | HP: 3/62 [bullfrog (5)]
   736 | Sewer    | Reached XP level 7. HP: 26/71 MP: 6/6
  1221 | D:6      | Found a runed translucent door.
  1224 | D:6      | Noticed seu1023's ghost (novice DENe)
  1377 | D:6      | Reached skill level 5 in Unarmed Combat
  1418 | D:5      | Found Hyucw's Antique Armour Emporium.
  1460 | D:4      | Found a bloodstained altar of Trog.
  1508 | D:4      | Identified the +5 dagger of Orahugiob {flame, rN+ Str+3}
  1965 | D:3      | Found Luisee's Antique Armour Emporium.
  2036 | D:3      | Reached skill level 5 in Fighting
  2139 | D:3      | Reached XP level 8. HP: 49/80 MP: 7/7
  2163 | D:3      | Noticed Robin
  2205 | D:3      | Killed Robin
  2900 | D:2      | Found a glowing silver altar of Zin.
  3224 | D:1      | Found a faded altar of an unknown god.
  4010 | D:5      | Killed Prince Ribbit
  4011 | D:5      | Reached skill level 5 in Dodging
  4011 | D:5      | Reached skill level 6 in Unarmed Combat
  4026 | D:5      | Found a runed translucent gate.
  4027 | D:5      | Found a runed translucent gate.
  4028 | D:5      | Found a runed translucent gate.
  4137 | D:5      | Noticed Skimidon's ghost (novice TrCK)
  4180 | D:5      | Found a staircase to the Ecumenical Temple.
  4186 | Temple   | Entered the Ecumenical Temple
  4258 | Temple   | Became a worshipper of Yredelemnul the Dark
  4643 | D:7      | Reached * piety under Yredelemnul
  4757 | D:7      | Reached ** piety under Yredelemnul
  4773 | D:7      | Reached skill level 7 in Unarmed Combat
  4787 | D:7      | Reached XP level 9. HP: 72/89 MP: 8/8
  5596 | D:8      | Reached skill level 8 in Unarmed Combat
  5706 | D:8      | Reached *** piety under Yredelemnul
  5718 | D:8      | Slain by a gnoll sergeant

Illustrated notes

Levels and vault maps discovered:
D:1:      dpeg_arrival_yet_another_circle, layout_loops_ring,
          shapermc_ecumenical_altar_petra
D:2:      layout_rooms, basic_altar
D:3:      layout_basic, serial_shops, nicolae_shop_tiny_glass, uniq_robin
D:4:      layout_cave_pools, bloody_trog
D:5:      layout_cave_pools, minmay_temple_entry_arrows,
          biasface_ghost_orc_armoury, serial_shops, nicolae_shop_rolling_square,
          uniq_prince_ribbit1
D:6:      layout_loops_corners, ebering_ghost_reflecting_pool,
          gup_sewer_entry_pipe
D:7:      layout_basic, nicolae_zig_zag_zippers
D:8:      layout_basic
Temple:   minmay_temple_bridge_d

Skill      XL: |  1  2  3  4  5  6  7  8  9 |
---------------+----------------------------+-----
Dodging        | 2 3 4 5 6 |  6.7
Fighting       | 3 4 5 6 7 |  7.1
Unarmed Combat | 3 4 5 7 8 |  8.1
Stealth        | |  2.7

Action                     |  1- 3 |  4- 6 |  7- 9 || total
---------------------------+-------+-------+-------++-------
  Melee: Unarmed           |    25 |   125 |   342 ||   492
         Punch             |     1 |     1 |    12 ||    14
 Invoke: Recall Undead Har |       |       |     1 ||     1
    Use: Potion            |       |     3 |     2 ||     5
   Stab: Sleeping          |       |       |    12 ||    12
         Distracted        |       |       |     1 ||     1
 Armour: Robe              |    13 |   148 |   254 ||   415
         Skin              |       |    16 |       ||    16
  Dodge: Dodged            |     6 |   106 |   202 ||   314
